 Dungeon Crawl Stone Soup version 0.27.1-2-g3b301248ec (webtiles) character file.

Game seed: 12198707737226419998

50 MisterFreud the Chopper (level 3, -5/28 HPs)
             Began as a Gnoll Wanderer on Sept 23, 2021.
             Was a Follower of Sif Muna.
             Killed from afar by an orc wizard (12 damage)
             ... with a magic dart
             ... on level 3 of the Dungeon.
             The game lasted 00:01:39 (2014 turns).

MisterFreud the Chopper (Gnoll Wanderer)            Turns: 2014, Time: 00:01:40

Health: -5/28      AC:  5    Str: 14    XL:     3   Next: 79%
Magic:  4/4        EV: 10    Int: 12    God:    Sif Muna [*.....]
Gold:   134        SH:  0    Dex:  8    Spells: 4/4 levels left

rFire    . . .     SeeInvis .   a - +2 hand axe
rCold    . . .     Faith    .   (no shield)
rNeg     . . .     Spirit   .   b - +0 ring mail
rPois    .         Reflect  .   (no helmet)
rElec    .         Harm     +   l - scarf {harm}
rCorr    .         Rampage  .   (no gloves)
Will     .....                  (no boots)
Stlth    +.........             (no amulet)
HPRegen  0.09/turn              (no ring)
MPRegen  0.09/turn              (no ring)

@: no status effects
A: fangs 1, strong nose, distributed training
a: Renounce Religion, Channel Magic


You were on level 3 of the Dungeon.
You worshipped Sif Muna.
Sif Muna was aware of your devotion.
You visited 1 branch of the dungeon, and saw 3 of its levels.

You collected 134 gold pieces.

Inventory:

Hand Weapons
 a - a +2 hand axe (weapon)
Armour
 b - a +0 ring mail (worn)
 d - a +0 chain mail
 l - a scarf of harm (worn)
Scrolls
 e - 2 scrolls of teleportation {unknown}
 f - a scroll of brand weapon {unknown}
 g - 2 scrolls of magic mapping {unknown}
 h - a scroll of noise {unknown}
 i - a scroll of amnesia {unknown}
 m - 3 scrolls of vulnerability {unknown}
Potions
 c - 2 potions of ambrosia {unknown}
 j - a potion of haste {unknown}
 k - 2 potions of attraction {unknown}
 n - a potion of brilliance {unknown}


   Skills:
 + Level 2.6 Fighting
 + Level 1.0 Short Blades
 + Level 1.0 Long Blades
 + Level 6.5 Axes
 + Level 1.0 Maces & Flails
 + Level 1.0 Polearms
 + Level 1.0 Staves
 + Level 1.0 Slings
 + Level 1.0 Bows
 + Level 1.0 Crossbows
 + Level 1.0 Throwing
 + Level 2.6 Armour
 + Level 1.0 Dodging
 + Level 1.0 Stealth
 + Level 1.0 Shields
 + Level 1.0 Unarmed Combat
 + Level 1.0 Spellcasting
 + Level 0.7 Conjurations
 + Level 0.7 Hexes
 + Level 0.7 Summonings
 + Level 0.7 Necromancy
 + Level 0.7 Translocations
 + Level 0.7 Transmutations
 + Level 0.7 Fire Magic
 + Level 0.7 Ice Magic
 + Level 0.7 Air Magic
 + Level 5.4 Earth Magic
 + Level 0.7 Poison Magic
 + Level 1.0 Invocations
 + Level 4.6 Evocations


You had 4 spell levels left.
You didn't know any spells.
Your spell library contained the following spells:

 Spells                   Type           Power      Damage    Failure   Level
 Searing Ray              Conj           4%         3d3       56%         2
 Static Discharge         Conj/Air       2%         N/A       56%         2
 Call Canine Familiar     Summ           2%         N/A       80%         3
 Portal Projectile        Hex/Tloc       4%         N/A       80%         3
 Leda's Liquefaction      Hex/Erth       3%         N/A       86%         4


Dungeon Overview and Level Annotations

Branches:
Dungeon (3/15)

Altars:
Sif Muna


Innate Abilities, Weirdness & Mutations

You have very sharp teeth.
Your uncanny sense of smell can sniff out nearby items.
Your experience applies equally to all skills.


Message History

Deactivating autopickup; reactivate with Ctrl-A.
You hit the orc but do no damage. The orc hits you with a +0 whip.
You slash the orc!
You kill the orc!
Sif Muna accepts your kill. The orc completely misses you.
The orc closely misses you.
Things that are here:
a +0 whip; an orc corpse You slash the orc!
You kill the orc!
Sif Muna accepts your kill.
Your Short Blades skill increases to level 1!
Your Long Blades skill increases to level 1!
Your Maces & Flails skill increases to level 1!
Your Polearms skill increases to level 1!
Your Staves skill increases to level 1!
Your Slings skill increases to level 1!
Your Bows skill increases to level 1!
Your Crossbows skill increases to level 1!
Your Throwing skill increases to level 1!
Your Dodging skill increases to level 1!
Your Stealth skill increases to level 1!
Your Shields skill increases to level 1!
Your Unarmed Combat skill increases to level 1!
Your Spellcasting skill increases to level 1!
Unknown command.
Unknown command.
You barely miss something. Something hits you but does no damage.
You are too injured to fight recklessly!
You miss something. Something hits you.
You miss something. Something hits you.
* * * LOW HITPOINT WARNING * * *
You are too injured to fight recklessly!
You hit something but do no damage. Something hits you.
* * * LOW HITPOINT WARNING * * *
You closely miss something.
You hear some strange, mumbled words.
A magic dart appears from out of thin air!
The magic dart hits you!
You die...

#.. ...............
#..##.............##
#...............<.# ..
#######.....#...........##
..##.....##..# ###...........
..........#..# #.#.....#...
.............# #..##..####.
<..........#.# #.....## ##
.......)...#@# #.#....# #
...........#{#####...##.# #
........o...o.......###.#####
.............................
..........##....##.##########
..##)....####...#### # #
####### ##### # # #


You could see an orc.

Vanquished Creatures
  A howler monkey zombie (D:3)
  An adder (D:2)
  2 orcs (D:3)
  An endoplasm (D:2)
  2 goblins (D:1)
  4 hobgoblins
  3 quokkas
  3 ball pythons
  5 bats
  3 frilled lizards
  A kobold (D:1)
  A rat (D:3)
27 creatures vanquished.

Notes
Turn   | Place    | Note
-------+----------+-------------------------------------------
     0 | D:1      | MisterFreud the Gnoll Wanderer began the quest for the Orb.
     0 | D:1      | MisterFreud set off with the following items: a +2 hand
                  | axe, a +0 ring mail; and the following spells available to
                  | memorise: Searing Ray, Static Discharge
     0 | D:1      | Reached XP level 1. HP: 17/17 MP: 1/1
   378 | D:1      | Reached XP level 2. HP: 23/23 MP: 2/2
   770 | D:2      | Found a faded altar of an unknown god.
   794 | D:2      | Became a worshipper of Sif Muna the Loreminder
   794 | D:2      | Reached * piety under Sif Muna
  1150 | D:2      | Reached XP level 3. HP: 17/28 MP: 3/3
  1992 | D:3      | Reached skill level 1 in Invocations
  2010 | D:3      | Reached skill level 1 in Short Blades
  2010 | D:3      | Reached skill level 1 in Long Blades
  2010 | D:3      | Reached skill level 1 in Maces & Flails
  2010 | D:3      | Reached skill level 1 in Polearms
  2010 | D:3      | Reached skill level 1 in Staves
  2010 | D:3      | Reached skill level 1 in Slings
  2010 | D:3      | Reached skill level 1 in Bows
  2010 | D:3      | Reached skill level 1 in Crossbows
  2010 | D:3      | Reached skill level 1 in Throwing
  2010 | D:3      | Reached skill level 1 in Dodging
  2010 | D:3      | Reached skill level 1 in Stealth
  2010 | D:3      | Reached skill level 1 in Shields
  2010 | D:3      | Reached skill level 1 in Unarmed Combat
  2010 | D:3      | Reached skill level 1 in Spellcasting
  2014 | D:3      | Killed from afar by an orc wizard

Illustrated notes

Levels and vault maps discovered:
D:1:      shiori_arrival_maze, layout_basic, roderic_roman_lattice
D:2:      layout_basic, dreamdust_ecumenical_altar_grove,
          amcnicky_mini_rare_corridor_liquid
D:3:      cheibrodos_greedy_goblins, layout_rooms, lemuel_round_altar,
          old_standard_altar

Skill      XL: |  1  2  3 |
---------------+----------+-----
Invocations    | 1 |  1.0
Short Blades   | 1 |  1.0
Long Blades    | 1 |  1.0
Maces & Flails | 1 |  1.0
Polearms       | 1 |  1.0
Staves         | 1 |  1.0
Slings         | 1 |  1.0
Bows           | 1 |  1.0
Crossbows      | 1 |  1.0
Throwing       | 1 |  1.0
Dodging        | 1 |  1.0
Stealth        | 1 |  1.0
Shields        | 1 |  1.0
Unarmed Combat | 1 |  1.0
Spellcasting   | 1 |  1.0
Fighting       | |  2.6
Axes           | |  6.5
Armour         | |  2.6
Conjurations   | |  0.7
Hexes          | |  0.7
Summonings     | |  0.7
Necromancy     | |  0.7
Translocations | |  0.7
Transmutations | |  0.7
Fire Magic     | |  0.7
Ice Magic      | |  0.7
Air Magic      | |  0.7
Earth Magic    | |  5.4
Poison Magic   | |  0.7
Evocations     | |  4.6

Action                   || total
-------------------------++-------
Melee: Hand axe          ||    69
       Bite              ||     2
Armor: Chain mail        ||    38
       Ring mail         ||     8
Dodge: Dodged            ||    24
